 Dungeon Crawl Stone Soup version 0.23.2-1-ga50397a6bc (webtiles) character file.

Game seed: 14961426935666514334

99 Freyura the Shield-Bearer (level 5, -1/42 HPs)
             Began as a Formicid Fighter on May 12, 2019.
             Slain by Natasha (4 damage)
             ... on level 2 of the Dungeon.
             The game lasted 00:03:16 (1761 turns).

Freyura the Shield-Bearer (Formicid Fighter)        Turns: 1761, Time: 00:03:17

Health: -1/42      AC:  7    Str: 20    XL:     5   Next: 2%
Magic:  5/5        EV:  8    Int:  8    God:
Gold:   100        SH:  9    Dex: 11    Spells: 4/4 levels left

rFire    x . .     SeeInvis +   a - +0 war axe
rCold    + . .     Gourm    .   c - +0 shield
rNeg     . . .     Faith    .   b - +0 scale mail
rPois    .         Spirit   .   (helmet unavailable)
rElec    .         Reflect  .   (no cloak)
rCorr    .         Harm     .   (no gloves)
MR       .....                  (no boots)
Stlth    ..........             (no amulet)
HPRegen  0.14/turn              s - ring of ice
MPRegen  0.09/turn              (no ring)

@: no status effects
A: permanent stasis, dig shafts and tunnels, four strong arms, antennae 3
a: Dig, Shaft Self


You were on level 2 of the Dungeon.
You were very hungry.

You visited 1 branch of the dungeon, and saw 2 of its levels.

You collected 100 gold pieces.

Inventory:

Hand Weapons
 a - a +0 war axe (weapon)
Armour
 b - a +0 scale mail (worn)
 c - a +0 shield (worn)
Jewellery
 s - a ring of ice (left hand)
Scrolls
 e - a scroll of identify {unknown}
 i - 2 scrolls of teleportation {unknown}
 j - a scroll of immolation {unknown}
 k - 2 scrolls of remove curse {unknown}
 l - a scroll of enchant armour {unknown}
 n - 2 scrolls of amnesia {unknown}
 q - 2 scrolls of magic mapping {unknown}
Potions
 d - 2 potions of might
 g - a potion of ambrosia {unknown}
 h - a potion of curing {unknown}
 m - a potion of heal wounds
 o - a potion of magic {unknown}
 p - a potion of lignification {unknown}
 r - a potion of haste {unknown}
Comestibles
 f - 5 rations


   Skills:
 + Level 3.8 Fighting
 * Level 3.1 Axes
 + Level 3.7 Armour
 + Level 1.2 Dodging
 + Level 4.2 Shields


You had 4 spell levels left.
You didn't know any spells.
Your spell library was empty.

Dungeon Overview and Level Annotations

Branches:
Dungeon (2/15)

Altars:

Annotations:
D:2 Natasha


Innate Abilities, Weirdness & Mutations

You cannot be hasted, slowed, berserked, paralysed or teleported.
You can dig through walls and to a lower floor.
Your four strong arms can wield two-handed weapons with a shield.
You have a pair of large antennae on your head. (SInv)


Message History

Your shield and scale mail prevent you from hitting Natasha.
Natasha is moderately wounded.
You block Natasha's attack.
You barely miss Natasha.
Natasha is moderately wounded.
You block Natasha's attack. Natasha closely misses you.
You hit Natasha but do no damage.
Natasha is moderately wounded.
You are feeling very hungry.
You block Natasha's attack.
You hit Natasha.
Natasha is severely wounded.
You block Natasha's attack.
The crimson imp blinks!
Natasha stares at you and mumbles some strange words.
The magic dart hits you.
* * * LOW HITPOINT WARNING * * *
You closely miss Natasha.
Natasha is severely wounded.
Natasha claws you.
You die...

.....#########.###.#
#.........)
#................#.#
#.######..#
###.##.#######.#.#.# #.#
#..# #.##.# #.....# #.# #..#
#.##.# #.#.### #.######..#
#.##.# #.#.# #.##......#
#.##.# #.#.# #.##.###.##
#.##.# #.#.# #.##.# #.#
###(##.# #.#@# #..#<# #.##
....##.# ###.#h# ##.#..#
#.## ######.# #....ยง##
##.###.>.....
#.#####.##...###.## ##.#....
#.......#.......##### #.....
#######.#......).##.##.#.#.#
#.........{).........#
####[..####.....##.###
#######........#


You could see Natasha.

Vanquished Creatures
  Natasha (D:2)
  3 gnolls (D:2)
  3 dart slugs
  7 bats
  2 giant cockroaches (D:1)
  3 goblins
  4 hobgoblins (D:2)
  4 jackals (D:1)
  6 kobolds
  A quokka (D:2)
  A ball python (D:1)
  A frilled lizard (D:2)
  6 rats
42 creatures vanquished.

Notes
Turn   | Place    | Note
-------+----------+-------------------------------------------
     0 | D:1      | Freyura the Formicid Fighter began the quest for the Orb.
     0 | D:1      | Reached XP level 1. HP: 18/18 MP: 1/1
    54 | D:1      | Reached XP level 2. HP: 24/24 MP: 2/2
    93 | D:1      | You fall through a shaft!
   128 | D:2      | Noticed Natasha
   138 | D:2      | Noticed a crimson imp
   140 | D:2      | Noticed a crimson imp
   141 | D:2      | Killed Natasha
   141 | D:2      | Reached XP level 3. HP: 5/30 MP: 3/3
   626 | D:1      | Reached skill level 4 in Shields
   820 | D:1      | Reached XP level 4. HP: 37/37 MP: 4/4
   973 | D:1      | Reached skill level 1 in Dodging
  1652 | D:2      | Reached XP level 5. HP: 42/42 MP: 5/5
  1741 | D:2      | Noticed Natasha
  1761 | D:2      | Slain by Natasha

Skill      XL: |  1  2  3  4 |
---------------+-------------+-----
Shields        | 4 |  4.2
Dodging        | 1 |  1.2
Axes           | 3 |  3.1
Fighting       | |  3.8
Armour         | |  3.7

Action                   |  1- 3 |  4- 6 || total
-------------------------+-------+-------++-------
Melee: War axe           |    64 |    89 ||   153
  Eat: Chunk             |       |     2 ||     2
Armor: Scale mail        |    27 |    47 ||    74
Dodge: Dodged            |    18 |    35 ||    53
Block: Shield            |    33 |    67 ||   100
